 Dungeon Crawl Stone Soup version 0.31-a0-1611-g890cdf5628 (webtiles) character file.

Game seed: 1946103473619744523

133 Xavori the Trooper (level 5, -2/40 HPs)
             Began as a Djinni Chaos Knight on Jan 8, 2024.
             Was a Plaything of Xom.
             Slain by an iron imp (4 damage)
             ... summoned by Xom
             ... on level 3 of the Dungeon.
             The game lasted 00:01:42 (11233 turns).

Xavori the Trooper (Djinni Chaos Knight)           Turns: 11233, Time: 00:01:43

Health: -2/40      AC:  8    Str: 11    XL:     5   Next: 39%
Gold:   198        EV: 12    Int: 13    God:    Xom [...*..] SH:  0 Dex: 15

rFire   + + .        a - +0 falchion (chaos)
rCold   x . .        (no shield)
rNeg    . . .        b - +2 leather armour
rPois   ∞            f - +2 helmet
rElec   .            (no cloak)
rCorr   .            (no gloves)
SInv    .            (boots unavailable)
Will    .....        (no amulet)
Stlth   +            (no ring)
HPRegen 0.26/turn    (no ring)
MPRegen 0.00/turn

%: infuse magic (-3 HP)
@: flying
A: sickness immunity, fire resistance 2, cold vulnerability 1, float, innate
caster, HP casting, extra vitality 1
a: Renounce Religion


You were on level 3 of the Dungeon.
You worshipped Xom.
You were a favourite toy of Xom.
You visited 1 branch of the dungeon, and saw 3 of its levels.

You collected 198 gold pieces.

Inventory:

Hand Weapons
 a - a +0 falchion of chaos (weapon)
Missiles
 j - a throwing net (quivered)
Armour
 b - a +2 leather armour (worn)
 f - a +2 helmet (worn)
Jewellery
 m - an amulet of regeneration
Scrolls
 c - a scroll of butterflies
 d - a scroll of identify {unknown}
 e - 3 scrolls of teleportation
 g - a scroll of silence {unknown}
 h - a scroll of enchant armour {unknown}
 i - a scroll of revelation {unknown}
 o - a scroll of amnesia {unknown}
 p - a scroll of summoning {unknown}
Potions
 k - a potion of enlightenment {unknown}
 l - a potion of heal wounds
 n - a potion of mutation {unknown}


   Skills:
 + Level 3.5 Fighting
 + Level 3.2 Long Blades
 + Level 2.0 Armour
 + Level 3.0 Dodging
 * Level 1.9 Spellcasting
 * Level 1.9 Conjurations
 * Level 1.9 Hexes
   Level 0.0 Charms
 * Level 1.9 Summonings
 * Level 1.9 Necromancy
 * Level 1.9 Translocations
   Level 0.0 Transmutations
 * Level 1.9 Fire Magic
 * Level 1.9 Ice Magic
 * Level 1.9 Air Magic
 * Level 1.9 Earth Magic
 * Level 1.9 Alchemy


You knew the following spells:

 Your Spells              Type           Power      Damage    Failure   Level
a - Kiss of Death         Conj/Necr      24%        2d7       16%         1
b - Ensorcelled Hibernat  Hex/Ice        12%        N/A       24%         2
Your spell library was empty.

Dungeon Overview and Level Annotations

Branches:
Dungeon (3/15)

Altars:

Shops:
D:1 :   D:3 [


Innate Abilities, Weirdness & Mutations

You are immune to sickness and miasma.
You are immune to poison.
Your flesh is very heat resistant. (rF++)
You are vulnerable to cold. (rC-)
You float through the air rather than walking.
You learn spells naturally, not from books.
Your magical power is your life essence.
You have superior vitality. (+4 MHP)


Message History

The iron imp closely misses you. The ufetubus hits you. x2
Unknown command.
You barely miss the iron imp. The ufetubus closely misses you.
The ufetubus barely misses you. The iron imp hits you. The ufetubus misses you.
The ufetubus closely misses you.
Unknown command.
You hit the iron imp but do no damage. The ufetubus misses you.
The ufetubus closely misses you. The iron imp hits you!
You are too injured to fight recklessly!
You hit the ufetubus.
The your falchion of chaos misses the ufetubus.
The ufetubus is severely wounded.
The ufetubus barely misses you. The ufetubus closely misses you.
The ufetubus hits you but does no damage.
The ufetubus hits you. The iron imp hits you.
* * * LOW HITPOINT WARNING * * *
You completely miss the ufetubus.
The ufetubus is severely wounded.
The ufetubus closely misses you. The ufetubus barely misses you.
The iron imp hits you.
* * * LOW HITPOINT WARNING * * *
The ufetubus closely misses you. The ufetubus barely misses you.
You hit the ufetubus but do no damage.
The ufetubus is heavily wounded.
The ufetubus closely misses you.
The ufetubus hits you but does no damage.
The iron imp hits you.
* * * LOW HITPOINT WARNING * * *
The ufetubus hits you but does no damage. x2
You closely miss the ufetubus.
The ufetubus is heavily wounded.
The ufetubus hits you but does no damage.
The ufetubus barely misses you. The iron imp misses you.
You hit the ufetubus.
The ufetubus is poisoned.
The ufetubus is severely wounded.
You kill the ufetubus!
The ufetubus disappears in a puff of smoke!
The iron imp grinds its teeth.
The iron imp hits you.
You die...

.## #.#..#.#<..#.# #.# .#
#.#..#.#####.# #.# .#
#.#..#.....#.# #.#####
.######....#####.#.# #.#<..#
.##........# #.#.###.##.##
.##........# #.#.....##.#
.##........# #5#####.##.#
......####.# #5# ####.#
...##.# #.# #@# #.# ≈..##.#
#.# #§# #.# .≈....# #.# #.#
#.# ..≈#.## #.# #.# #.#
.≈...# #.#####.########.##
≈..### #.................#
...#############.###########
.................#
.......###########


You could see an iron imp (summoned) and an ufetubus (summoned).

Vanquished Creatures
  A wolf (shapeshifter) (D:2)
  A dart slug (D:1)
  A ribbon worm (D:2)
  An orc (D:3)
  8 endoplasms
  5 goblins
  5 hobgoblins
  4 jackals
  2 quokkas
  3 ball pythons (D:1)
  3 bats
  A frilled lizard (D:1)
  A kobold (D:1)
  3 rats
39 creatures vanquished.

Vanquished Creatures (collateral kills)
  A ball python (D:1)
1 creature vanquished.

Vanquished Creatures (others)
  A giant cockroach (D:1)
1 creature vanquished.

Grand Total: 41 creatures vanquished

Notes
Turn   | Place    | Note
-------+----------+-------------------------------------------
     0 | D:1      | Xavori the Djinni Chaos Knight began the quest for the Orb.
     0 | D:1      | Reached XP level 1. HP: 20/20 MP: 0/0
   100 | D:1      | XOM: potion effect (berserk rage)
   156 | D:1      | XOM: confuse monster(s)
   157 | D:1      | Reached XP level 2. HP: 22/25 MP: 0/0
   189 | D:1      | Found a faded altar of an unknown god.
   313 | D:1      | XOM: enchant monster (good)
   327 | D:1      | Found Biun's Book Shop.
   328 | D:1      | XOM: summons 2 friendly demons
   448 | D:1      | Reached XP level 3. HP: 22/30 MP: 0/0
   448 | D:1      | Learned a level 1 spell: Kiss of Death
   450 | D:1      | Reached skill level 1 in Spellcasting
   450 | D:1      | Reached skill level 1 in Conjurations
   450 | D:1      | Reached skill level 1 in Hexes
   450 | D:1      | Reached skill level 1 in Summonings
   450 | D:1      | Reached skill level 1 in Necromancy
   450 | D:1      | Reached skill level 1 in Translocations
   450 | D:1      | Reached skill level 1 in Fire Magic
   450 | D:1      | Reached skill level 1 in Ice Magic
   450 | D:1      | Reached skill level 1 in Air Magic
   450 | D:1      | Reached skill level 1 in Earth Magic
   450 | D:1      | Reached skill level 1 in Alchemy
   678 | D:1      | XOM: silly message
  2633 | D:1      | XOM: silly message
  2730 | D:1      | XOM: divination: detect items
  3023 | D:1      | XOM: silly message
  4066 | D:1      | XOM: divination: detect items
  4120 | D:1      | XOM: divination: magic mapping
  4509 | D:1      | XOM: divination: magic mapping
  5388 | D:1      | XOM: divination: magic mapping
  5676 | D:1      | XOM: noise
  5926 | D:1      | XOM: noise
  6210 | D:1      | XOM: silly message
  6290 | D:1      | XOM: cloud trail
  7093 | D:1      | XOM is BORED!
  7517 | D:1      | XOM is BORED!
  7517 | D:1      | XOM: noise
  8393 | D:1      | XOM: divination: detect items
  8616 | D:1      | XOM is BORED!
  9191 | D:1      | XOM: silly message
  9774 | D:2      | a ribbon worm changed into a shapeshifter
  9774 | D:2      | Noticed a shapeshifter (shapeshifter)
  9774 | D:2      | XOM: polymorph ribbon worm -> shapeshifter
  9774 | D:2      | a shapeshifter changed into a steam dragon
  9774 | D:2      | Noticed a steam dragon (shapeshifter)
  9779 | D:2      | XOM: potion effect (brilliance)
  9785 | D:2      | a steam dragon changed into a wolf
  9785 | D:2      | Noticed a wolf (shapeshifter)
  9791 | D:2      | XOM: noise
  9796 | D:2      | Killed a wolf
  9797 | D:2      | Reached XP level 4. HP: 8/35 MP: 0/0
  9797 | D:2      | Reached XP level 5. HP: 10/40 MP: 0/0
  9797 | D:2      | Learned a level 2 spell: Ensorcelled Hibernation
 10483 | D:3      | Found Xyriaraix's Armour Boutique.
 11221 | D:3      | XOM: summons 3 hostile demons
 11231 | D:3      | HP: 2/40 [iron imp[Xom] (5)]
 11233 | D:3      | Slain by an iron imp

Illustrated notes

Levels and vault maps discovered:
D:1:      erik_arrival_triangle_small, layout_basic, serial_shops, shop,
          chequers_ecumenical_altar_simple, serial_corexii_hall,
          chequers_hall_statues_wall_a, chequers_hall_statues_corner_a,
          chequers_hall_statues_wall_a, minmay_misc_feat_nine_boxes,
          minmay_tetromino_s4
D:2:      layout_loops_ring
D:3:      layout_basic, serial_shops, nicolae_diamond_shop

Skill      XL: |  1  2  3  4  5 |
---------------+----------------+-----
Spellcasting   | 1 |  1.9
Conjurations   | 1 |  1.9
Hexes          | 1 |  1.9
Summonings     | 1 |  1.9
Necromancy     | 1 |  1.9
Translocations | 1 |  1.9
Fire Magic     | 1 |  1.9
Ice Magic      | 1 |  1.9
Air Magic      | 1 |  1.9
Earth Magic    | 1 |  1.9
Alchemy        | 1 |  1.9
Long Blades    | 3 |  3.2
Armour         | 2 |  2.0
Dodging        | 3 |  3.0
Fighting       | |  3.5

Action                     |  1- 3 |  4- 6 || total
---------------------------+-------+-------++-------
  Melee: Falchion          |   104 |    35 ||   139
         Punch             |     2 |       ||     2
    Use: Potion            |     1 |       ||     1
         Scroll            |       |     2 ||     2
   Stab: Distracted        |     1 |       ||     1
         Petrified         |       |     1 ||     1
         Sleeping          |       |     1 ||     1
 Armour: Leather armour    |    80 |    32 ||   112
  Dodge: Dodged            |    87 |    33 ||   120

Table legend: (Time is in decaauts)
 A = Elapsed time spent in this place.
 B = Non-inter-level travel time spent in this place.
 C = Inter-level travel time spent in this place.
 D = Time resting spent in this place.
 E = Time spent auto-exploring this place.
 F = Levels seen in this place.
 G = Mean time per level.
                   A        B        C        D        E       F      G
               +--------+--------+--------+--------+--------+-----+--------+
         Total |  11260 |  11197 |     63 |   8873 |   2000 |   3 | 3753.3 |
       Dungeon |  11260 |  11197 |     63 |   8873 |   2000 |   3 | 3753.3 |
               +--------+--------+--------+--------+--------+-----+--------+

Top non-repeatable levels by time:
     D:1: 9548 daAuts
     D:2: 918 daAuts
     D:3: 793 daAuts
